 Dungeon Crawl Stone Soup version 0.29-a0-11-ga75d3d97ab (webtiles) character file.

Game seed: 9661516753011359309

7741 a3don the Basher (level 11, -15/84 HPs)
             Began as a Demonspawn Gladiator on Jan 28, 2022.
             Was a Priest of Okawaru.
             Demolished by a very large slime creature (43 damage)
             ... on level 11 of the Dungeon.
             The game lasted 00:17:58 (11267 turns).

a3don the Basher (Demonspawn Gladiator)            Turns: 11267, Time: 00:17:59

Health: -15/84     AC: 38    Str: 19    XL:     11   Next: 0%
Magic:  11/11      EV:  7    Int: 10    God:    Okawaru [***...]
Gold:   488        SH:  0    Dex: 14    Spells: 9/10 levels left

rFire   . . .      SeeInvis .   b - +5 dire flail (protect)
rCold   + . .      Faith    .   (shield currently unavailable)
rNeg    . . .      Spirit   .   A - +15 Maxwell's patent armour {-Cast -Tele rElec Will+ rCorr}
rPois   +          Reflect  .   c - +0 helmet
rElec   +          Harm     .   L - +0 cloak
rCorr   +          Rampage  .   z - +0 pair of gloves
Will    +....      NoTele   +   (no boots)
Stlth   .......... NoCast   +   (no amulet)
HPRegen 0.24/turn               q - ring of poison resistance
MPRegen 0.12/turn               Q - ring of protection from cold

@: under a protective aura
A: claws 1, hooves 1, foul stench 1, powered by death 1, weakness stinger 1
a: Renounce Religion, Heroism


You were on level 11 of the Dungeon.
You worshipped Okawaru.
Okawaru was most pleased with you.
You visited 2 branches of the dungeon, and saw 12 of its levels.

You collected 488 gold pieces.

Inventory:

Hand Weapons
 a - a +0 quarterstaff
 b - a +5 dire flail of protection (weapon)
 t - a +2 mace of protection
 v - a +3 whip
 S - the +8 falchion of Ewkedehi {freeze, Drain rElec rCorr Dex+6}
   (You found it on level 9 of the Dungeon)

   It freezes those it strikes, dealing additional cold damage.
   It can also slow down cold-blooded creatures.
   Dex:       It affects your dexterity (+6).
   rElec:     It insulates you from electricity.
   rCorr:     It protects you from acid and corrosion.
   Drain:     It drains your maximum health when unequipped.
 Y - a +0 rapier of freezing
Missiles
 d - a throwing net (quivered)
 k - 55 sling bullets
 l - 4 boomerangs
 m - 13 poisoned darts
 w - 161 stones
Armour
 c - a +0 helmet (worn)
 y - +0 fire dragon scales
 z - a +0 pair of gloves (worn)
 A - the +15 Maxwell's patent armour (worn) {-Cast -Tele rElec Will+ rCorr}
   (You found it on level 4 of the Dungeon)

   rElec:     It insulates you from electricity.
   -Cast:     It prevents spellcasting.
   -Tele:     It prevents most forms of teleportation.
   rCorr:     It protects you from acid and corrosion.
   Will:      It increases your willpower.
 C - a +0 buckler
 L - a +0 cloak (worn)
Magical Staves
 T - a staff of earth
 Z - a staff of cold
Jewellery
 f - a ring of ice
 p - an amulet of faith
 q - a ring of poison resistance (left hand)
 H - a +6 ring of intelligence
 Q - a ring of protection from cold (right hand)
Wands
 G - a wand of flame (26)
 I - a wand of paralysis (6)
 K - a wand of digging (5)
 O - a wand of iceblast (24)
 W - a wand of acid (2)
Scrolls
 g - 3 scrolls of teleportation
 j - a scroll of brand weapon {unknown}
 r - a scroll of enchant weapon {unknown}
 s - 2 scrolls of enchant armour
 u - 2 scrolls of torment
 x - a scroll of fear {unknown}
 E - 3 scrolls of amnesia
 F - a scroll of blinking {unknown}
 J - a scroll of fog {unknown}
 N - a scroll of noise {unknown}
 R - a scroll of silence {unknown}
 V - a scroll of summoning {unknown}
Potions
 e - a potion of cancellation {unknown}
 h - a potion of haste {unknown}
 i - 2 potions of ambrosia
 n - 6 potions of curing
 o - a potion of degeneration {unknown}
 B - a potion of berserk rage {unknown}
 D - 3 potions of flight {unknown}
 M - 3 potions of heal wounds
 P - 2 potions of mutation
 U - a potion of brilliance {unknown}
 X - a potion of magic {unknown}


   Skills:
 + Level 7.5 Fighting
 * Level 8.7(9.1) Maces & Flails
 - Level 3.7(6.7) Staves
 - Level 3.1 Throwing
 + Level 6.2 Armour
 - Level 3.7 Dodging
 + Level 7.7 Ice Magic


You had 9 spell levels left.
You knew the following spells:

 Your Spells              Type           Power      Damage    Failure   Level
a - Freeze                Ice            60%        1d8       38%         1

Your spell library contained the following spells:

 Spells                   Type           Power      Damage    Failure   Level
 Frozen Ramparts          Ice            30%        1d5       77%         3
 Hailstorm                Conj/Ice       7%         3d4       100%        4


Dungeon Overview and Level Annotations

Branches:
Dungeon (11/15)            Temple (1/1) D:7            Lair (0/6) D:9
    Orc (0/2) D:9

Altars:
Ashenzari
Cheibriados
Dithmenos
Elyvilon
Fedhas
Gozag
Hepliaklqana
Kikubaaqudgha
Makhleb
Nemelex Xobeh
Okawaru
Qazlal
Ru
Sif Muna
Trog
Uskayaw
Vehumet
Wu Jian
Xom
Yredelemnul
Zin
The Shining One

Annotations:
D:2 1 runed translucent door, Crazy Yiuf
D:3 2 transporters, axecop's ghost, weakling HODe
D:8 exclusion: oklob sapling
D:10 4 runed translucent doors


Innate Abilities, Weirdness & Mutations

You have sharp fingernails.
You have large cloven feet.
You may rarely emit foul miasma when damaged in melee.
You regenerate a little health from kills.
You have a small tail.


Message History

You hit the purple ugly thing. You tail-slap the purple ugly thing.
The purple ugly thing is heavily wounded.
The purple ugly thing bites you but does no damage.
You sock the purple ugly thing! You kick the purple ugly thing.
The purple ugly thing is severely wounded.
The purple ugly thing bites you.
You thump the purple ugly thing!
You kick the purple ugly thing, but do no damage.
The purple ugly thing is almost dead.
The purple ugly thing bites you but does no damage.
You puncture the purple ugly thing!
You kill the purple ugly thing!
Okawaru accepts your kill.
Two slime creatures merge to form a large slime creature.
You have reached level 11!
Your demonic ancestry asserts itself...
A wave of death washes over you.
You impale the large slime creature!!
Your kick misses the large slime creature.
The large slime creature is lightly wounded.
You sock the large slime creature!
The large slime creature is moderately wounded.
Two slime creatures merge to form a very large slime creature.
You hit the very large slime creature. You kick the very large slime creature.
The very large slime creature is lightly wounded.
The very large slime creature hits you!
You completely miss the very large slime creature.
You kick the very large slime creature, but do no damage.
You tail-slap the very large slime creature.
The very large slime creature is lightly wounded.
The very large slime creature hits you but does no damage.
You puncture the very large slime creature!
You kick the very large slime creature.
The very large slime creature is moderately wounded.
You hit the very large slime creature.
Your kick misses the very large slime creature.
The very large slime creature is moderately wounded.
The very large slime creature hits you!!!
Ouch! That really hurt!
You die...

...#... #....#
...#'########....#####
..)).................#
..........#######....#
..........'.....#....#
..........#.....#....#
..........#.....#....#
########..##'####....#
#.......J@....#
#.......#######
#.......# #.......#
#.......# ###.....#
#.....# #......
#......


You could see a very large slime creature.

Vanquished Creatures
  Fannar (D:11)
  A two-headed ogre (D:9)
  An ugly thing (D:11)
  A cyclops (D:10)
  Prince Ribbit (D:4)
  Sigmund (D:5)
  2 wyverns (D:9)
  11 yaks
  A shadow (D:10)
  2 wraiths
  Edmund (D:4)
  2 water moccasins
  A sky beast (D:7)
  3 black bears
  An ogre (D:6)
  An ice beast (D:7)
  A necrophage (D:8)
  4 centaurs
  A kobold brigand (D:6)
  2 bullfrogs
  Blork the orc (D:5)
  2 scorpions (D:5)
  A water moccasin skeleton (D:5)
  3 wights (D:9)
  3 electric eels (D:10)
  3 centaur zombies
  2 jellies (D:7)
  2 hounds (D:6)
  6 orc priests
  A bullfrog skeleton (D:5)
  3 iguanas
  5 orc wizards
  A hound skeleton (D:4)
  8 gnolls (D:5)
  8 adders
  2 shadow imps (D:7)
  An ufetubus (D:7)
  An adder skeleton (D:4)
  4 dart slugs
  17 orcs
  10 ball pythons
  3 bats
  7 endoplasms
  2 giant cockroaches
  8 goblins
  7 hobgoblins
  9 jackals
  3 quokkas
  7 frilled lizards
  13 kobolds
  8 rats
190 creatures vanquished.

Vanquished Creatures (others)
  6 plants
6 creatures vanquished.

Grand Total: 196 creatures vanquished

Notes
Turn   | Place    | Note
-------+----------+-------------------------------------------
     0 | D:1      | a3don the Demonspawn Gladiator began the quest for the Orb.
     0 | D:1      | Reached XP level 1. HP: 16/16 MP: 1/1
   439 | D:1      | Found a faded altar of an unknown god.
   589 | D:1      | Discovered your monstrous ancestry.
   589 | D:1      | Gained mutation: You have a small tail. [demonic ancestry]
   589 | D:1      | Reached XP level 2. HP: 18/22 MP: 2/2
  1663 | D:2      | Found a runed translucent door.
  1664 | D:2      | Noticed Crazy Yiuf
  1713 | D:2      | Reached XP level 3. HP: 22/28 MP: 3/3
  3072 | D:3      | Reached XP level 4. HP: 34/34 MP: 4/4
  3081 | D:3      | Found a transporter.
  3236 | D:3      | Found a transporter.
  3239 | D:3      | Noticed axecop's ghost (weakling HODe)
  3240 | D:3      | Noticed a necrophage
  3767 | D:4      | Reached XP level 5. HP: 26/41 MP: 5/5
  4092 | D:4      | Noticed Edmund
  4112 | D:4      | Killed Edmund
  4113 | D:4      | Reached skill level 1 in Armour
  4113 | D:4      | Reached XP level 6. HP: 43/47 MP: 6/6
  4173 | D:4      | Learned a level 1 spell: Freeze
  4677 | D:4      | Found the +15 Maxwell's patent armour {-Cast -Tele rElec
                  | Will+ rCorr}
  5133 | D:5      | Entered Level 5 of the Dungeon
  5144 | D:5      | Reached skill level 1 in Ice Magic
  5157 | D:5      | Reached skill level 1 in Maces & Flails
  5277 | D:5      | Gained mutation: You may rarely emit foul miasma when
                  | damaged in melee. [demonic ancestry]
  5277 | D:5      | Reached XP level 7. HP: 48/53 MP: 7/7
  5324 | D:5      | Reached skill level 2 in Maces & Flails
  5340 | D:5      | Noticed Prince Ribbit
  5431 | D:4      | Killed Prince Ribbit
  5432 | D:4      | Reached skill level 3 in Maces & Flails
  5780 | D:5      | Reached XP level 8. HP: 56/61 MP: 8/8
  5803 | D:5      | Noticed Blork the orc
  5818 | D:5      | Killed Blork the orc
  5998 | D:5      | Noticed Sigmund
  6010 | D:5      | Killed Sigmund
  6011 | D:5      | Reached skill level 4 in Maces & Flails
  6359 | D:6      | Reached skill level 5 in Fighting
  7042 | D:7      | Reached skill level 5 in Maces & Flails
  7176 | D:7      | Reached skill level 5 in Ice Magic
  7243 | D:7      | Gained mutation: You have large cloven feet. [demonic
                  | ancestry]
  7243 | D:7      | Reached XP level 9. HP: 54/68 MP: 9/9
  7552 | D:7      | Found a staircase to the Ecumenical Temple.
  7563 | Temple   | Entered the Ecumenical Temple
  7972 | Temple   | Became a worshipper of Warmaster Okawaru
  8586 | D:8      | Found a sacrificial altar of Ru.
  8895 | D:8      | You fall into a shaft and drop 1 floor!
  8924 | D:9      | Reached skill level 6 in Maces & Flails
  9072 | D:9      | Reached * piety under Okawaru
  9489 | D:9      | Gained mutation: You have sharp fingernails. [demonic
                  | ancestry]
  9489 | D:9      | Reached XP level 10. HP: 76/77 MP: 10/10
  9515 | D:9      | Reached skill level 5 in Armour
  9550 | D:9      | Identified the +8 falchion of Ewkedehi {freeze, Drain rElec
                  | rCorr Dex+6}
  9630 | D:9      | Noticed a two-headed ogre
  9641 | D:9      | Killed a two-headed ogre
  9641 | D:9      | Reached ** piety under Okawaru
  9642 | D:9      | Reached skill level 7 in Maces & Flails
  9720 | D:9      | Found a staircase to the Lair.
  9823 | D:9      | Found a staircase to the Orcish Mines.
  9945 | D:9      | Found a burning altar of Makhleb.
 10100 | D:10     | Entered Level 10 of the Dungeon
 10103 | D:10     | Noticed a cyclops
 10114 | D:10     | Killed a cyclops
 10173 | D:10     | Found a runed translucent door.
 10185 | D:10     | Found a runed translucent door.
 10208 | D:10     | Found a runed translucent door.
 10243 | D:10     | Reached *** piety under Okawaru
 10250 | D:10     | Reached skill level 8 in Maces & Flails
 10524 | D:10     | Found a runed translucent door.
 11235 | D:11     | Noticed Fannar
 11236 | D:11     | Noticed a purple ugly thing
 11252 | D:11     | Killed Fannar
 11261 | D:11     | Killed a purple ugly thing
 11262 | D:11     | Gained mutation: You regenerate a little health from kills.
                  | [demonic ancestry]
 11262 | D:11     | Reached XP level 11. HP: 42/84 MP: 11/11
 11267 | D:11     | Demolished by a very large slime creature

Illustrated notes

Levels and vault maps discovered:
D:1:      minmay_arrival_jagged, layout_basic, basic_ecumenical_altar
D:2:      layout_loops_ring, uniq_crazy_yiuf_cottage
D:3:      layout_loops_cross, gammafunk_ghost_mausoleum, st_stairs_13
D:4:      layout_cave_pods, uniq_edmund
D:5:      layout_cave_pools, serial_column_ruins, column_ruins_hut_ruined,
          column_ruins_corridor_T, column_ruins_open_large,
          column_ruins_columns_straight, column_ruins_columns_straight,
          column_ruins_columns_dead_end, uniq_blork_the_orc, uniq_sigmund,
          uniq_prince_ribbit1
D:6:      minmay_evil_eye, layout_rooms, hangedman_abyss_or_decor_slice
D:7:      layout_gridville, minmay_temple_entry_stoned_glass,
          kennysheep_generic_room_5
D:8:      layout_loops_cross, nicolae_ru_great_annihilating_truth,
          skrybe_limestone_x, introduction_to_nature_1
D:9:      layout_loops_corners, lair_entry_dummy, orc_0_dummy,
          minmay_statues_item, david_defended_altar_orc
D:10:     layout_basic, serial_bayou_lagoon_a, minmay_statue_crystal_thing
D:11:     layout_irregular_city, uniq_erolcha, uniq_fannar
Temple:   regret_index_temple_sigil_plot

Skill      XL: |  1  2  3  4  5  6  7  8  9 10 |
---------------+-------------------------------+-----
Throwing       | 2 3 |  3.1
Staves         | 3 |  3.7
Dodging        | 3 |  3.7
Fighting       | 3 4 5 6 7 |  7.5
Armour         | 1 2 3 4 6 |  6.2
Ice Magic      | 1 3 5 6 7 |  7.7
Maces & Flails | 1 3 5 6 8 |  8.7

Action                   |  1- 3 |  4- 6 |  7- 9 | 10-12 || total
-------------------------+-------+-------+-------+-------++-------
Melee: Quarterstaff      |   134 |   119 |   377 |       ||   630
       Tailslap          |    15 |    24 |    54 |    18 ||   111
       Kick              |       |       |    63 |    45 ||   108
       Dire flail        |       |       |       |   118 ||   118
Throw: Dart              |       |     4 |     8 |       ||    12
       Throwing net      |       |     1 |     4 |     1 ||     6
       Boomerang         |       |       |     5 |       ||     5
  Use: Potion            |       |       |     3 |       ||     3
       Scroll            |       |       |       |     6 ||     6
 Stab: Held in net/web   |       |     2 |     1 |       ||     3
       Paralysed         |       |       |     1 |       ||     1
Armor: Leather armour    |    37 |       |       |       ||    37
       Chain mail        |     7 |    33 |       |       ||    40
       Fire dragon scale |       |    18 |       |       ||    18
       Plate armour      |       |    33 |   384 |    89 ||   506
Dodge: Dodged            |    94 |    31 |   124 |    18 ||   267

Table legend: (Time is in decaauts)
 A = Elapsed time spent in this place.
 B = Non-inter-level travel time spent in this place.
 C = Inter-level travel time spent in this place.
 D = Time resting spent in this place.
 E = Time spent auto-exploring this place.
 F = Levels seen in this place.
 G = Mean time per level.
                   A        B        C        D        E       F      G
               +--------+--------+--------+--------+--------+-----+--------+
         Total |  11336 |  10815 |    521 |   2021 |   6928 |  12 |  944.7 |
       Dungeon |  10904 |  10454 |    450 |   2021 |   6678 |  11 |  991.3 |
        Temple |    431 |    361 |     70 |      0 |    250 |   1 |  431.0 |
               +--------+--------+--------+--------+--------+-----+--------+

Top non-repeatable levels by time:
     D:4: 1749 daAuts
     D:2: 1588 daAuts
     D:1: 1359 daAuts
     D:9: 1211 daAuts
     D:7: 1022 daAuts
    D:10: 929 daAuts
     D:3: 837 daAuts
     D:5: 810 daAuts
     D:6: 733 daAuts
  Temple: 431 daAuts
     D:8: 428 daAuts
    D:11: 234 daAuts
